 Dungeon Crawl Stone Soup version 0.27.0-1-g7a089689b8 (webtiles) character file.

Game seed: 16164223874445575769

3 Descartes the Scratcher (level 1, -3/10 HPs)
             Began as a Felid Wanderer on Aug 14, 2021.
             Killed from afar by a dart slug (5 damage)
             ... with a slug dart
             ... on level 1 of the Dungeon.
             The game lasted 00:01:19 (222 turns).

Descartes the Scratcher (Felid Wanderer)             Turns: 222, Time: 00:01:20

Health: -3/10      AC:  1    Str: 11    XL:     1   Next: 41%
Magic:  2/2        EV: 15    Int: 12    God:
Gold:   12         SH:  0    Dex: 13    Spells: 0/0 levels left
                                        Lives:  0   Deaths: 0

rFire    . . .     SeeInvis +     - Unarmed
rCold    . . .     Faith    .   (shield unavailable)
rNeg     . . .     Spirit   .   (armour unavailable)
rPois    .         Reflect  .   (helmet unavailable)
rElec    .         Harm     .   (cloak unavailable)
rCorr    .         Rampage  .   (gloves unavailable)
Will     .....                  (boots unavailable)
Stlth    ++........             (no amulet)
HPRegen  0.03/turn              (no ring)
MPRegen  0.08/turn              (no ring)

@: quick
A: very small, claws 1, fangs 3, see invisible, speed 1, shaggy fur 1, stealthy
paws, no weapons or thrown items, no armour, multi-lived
a: no special abilities


You were on level 1 of the Dungeon.
You visited 1 branch of the dungeon, and saw 1 of its levels.

You collected 12 gold pieces.

Inventory:

Scrolls
 c - 3 scrolls of immolation {unknown}
Potions
 a - a potion of haste
 b - 2 potions of lignification


   Skills:
 - Level 3.0 Fighting
 + Level 0.5 Dodging
 + Level 2.9 Stealth
 + Level 4.0 Unarmed Combat
 - Level 1.1 Evocations


You couldn't memorise any spells.
You didn't know any spells.
Your spell library was empty.

Dungeon Overview and Level Annotations

Branches:
Dungeon (1/15)

Altars:


Innate Abilities, Weirdness & Mutations

You have sharp claws.
You have razor-sharp teeth.
You have supernaturally acute eyesight. (SInv)
You cover ground quickly. (Speed+)
You are covered in fur. (AC +1)
Your paws help you pounce on unaware monsters.
You are incapable of wielding weapons or throwing items.
You cannot wear armour.
You gain extra lives every three experience levels.


Message History

No target in view!
No target in view!
No target in view!
No target in view!
No target in view!
HP restored.
c - 3 scrolls labelled PECUEF ROZ You now have 12 gold pieces.
Found 4 boomerangs.
You open the door.
Found a leather armour.
There is an open door here.
A frilled lizard comes into view.
Found a helmet.
A hobgoblin comes into view.
The helpless frilled lizard fails to defend itself.
You claw the frilled lizard!
You kill the frilled lizard!
A rat comes into view.
Found 12 gold pieces.
The hobgoblin shouts!
The hobgoblin hits you.
A dart slug comes into view.
You scratch the hobgoblin.
The hobgoblin is lightly wounded.
The hobgoblin hits you.
* * * LOW HITPOINT WARNING * * *
Unknown command.
The dart slug launches a dart at you. The slug dart hits you.
* * * LOW HITPOINT WARNING * * *
There is an open door here.
You close the door.
A hobgoblin opens the door.
You start resting.
A hobgoblin is nearby!
The dart slug launches a dart at you. The slug dart hits you.
Ouch! That really hurt!
You die...

#.....##.#####
#............#
#............#
#............+
##..........####
#.............. #####
#...........###
#...#######...[....^.##
#.....r.g....@.......#
#(..#########.##.#######
###...# #w..........
##.....## #...........
#.......#########..........
#...........gr..'....[.....
#.......#########..........
#.......# ###...$....
#.......# #........


You could see a dart slug, a hobgoblin and a rat.

Vanquished Creatures
  A goblin (D:1)
  A quokka (D:1)
  A frilled lizard (D:1)
3 creatures vanquished.

Notes
Turn   | Place    | Note
-------+----------+-------------------------------------------
     0 | D:1      | Descartes the Felid Wanderer began the quest for the Orb.
     0 | D:1      | Descartes set off with the following items: a potion of
                  | haste, 2 potions of lignification
     0 | D:1      | Reached XP level 1. HP: 10/10 MP: 2/2
   222 | D:1      | Killed from afar by a dart slug

Illustrated notes

Levels and vault maps discovered:
D:1:      nicolae_arrival_memento_mori, layout_basic, st_stairs_6,
          minmay_hexomino_c4

Action                   || total
-------------------------++-------
Melee: Unarmed           ||     5
 Stab: Sleeping          ||     1
Dodge: Dodged            ||     1
